 Dungeon Crawl Stone Soup version 0.31.0-10-gcf4a605ca0 (webtiles) character file.

Game seed: 11181443912326978266

2275 MinscAndBoo the Jinx (level 9, -2/63 HPs)
             Began as a Vampire Enchanter on Jan 25, 2024.
             Was a Follower of Nemelex Xobeh.
             Slain by a killer bee (5 damage)
             ... on level 6 of the Dungeon.
             The game lasted 00:10:09 (5775 turns).

MinscAndBoo the Jinx (Vampire Enchanter)            Turns: 5775, Time: 00:10:10

Health: -2/63      AC: 12    Str:  7    XL:     9   Next: 16%
Magic:  20/24      EV: 12    Int: 20    God:    Nemelex Xobeh [*.....]
Gold:   446        SH:  0    Dex: 16    Spells: 11/16 levels left

rFire   . . .        z - +0 short sword (venom)
rCold   . . .        (no shield)
rNeg    . . .        f - +0 swamp dragon scales
rPois   +            k - +0 helmet
rElec   .            j - +1 cloak
rCorr   .            y - +0 pair of gloves
SInv    +            o - +0 pair of boots
Will    .....        (no amulet)
Stlth   +++          B - ring of magical power
HPRegen 0.50/turn    (no ring)
MPRegen 0.19/turn

%: no passive effects
@: healing quickly, invisible
A: alive, fangs 3, see invisible, vampiric 2
a: Exsanguinate, Renounce Religion, Draw Escape, Draw Destruction, Draw
Summoning


You were on level 6 of the Dungeon.
You worshipped Nemelex Xobeh.
Nemelex Xobeh was aware of your devotion.
You visited 2 branches of the dungeon, and saw 8 of its levels.

You collected 446 gold pieces.

Inventory:

Hand Weapons
 a - a +1 dagger
 i - a +0 vampiric dagger
 w - a +1 dagger of draining
 z - a +0 short sword of venom (weapon)
Armour
 b - a +0 robe
 f - +0 swamp dragon scales (worn)
 j - a +1 cloak (worn)
 k - a +0 helmet (worn)
 o - a +0 pair of boots (worn)
 y - a +0 pair of gloves (worn)
Jewellery
 B - a ring of magical power (left hand)
Wands
 I - a wand of flame (7)
Scrolls
 d - 4 scrolls of teleportation {unknown}
 h - 2 scrolls of enchant armour
 l - 2 scrolls of revelation {unknown}
 m - 6 scrolls of amnesia {unknown}
 n - a scroll of poison
 p - a scroll of torment
 r - a scroll of fog {@r2}
 s - 4 scrolls of brand weapon {unknown}
 t - a scroll of blinking {unknown}
 u - a scroll of fear {unknown}
 x - 2 scrolls of immolation {unknown}
 D - a scroll of silence {!r}
 E - a scroll of vulnerability {!r}
Potions
 e - a potion of haste {unknown}
 g - a potion of cancellation {unknown}
 q - a potion of degeneration {unknown}
 v - 2 potions of heal wounds {unknown}
 A - 3 potions of curing {@q2}
 C - a potion of brilliance {unknown}
 F - a potion of mutation {unknown}
 G - a potion of attraction {unknown}
 H - a potion of ambrosia {unknown}
 J - a potion of enlightenment {unknown}


   Skills:
 - Level 3.0 Fighting
 + Level 5.2 Short Blades
 - Level 8.0 Dodging
 + Level 8.3 Stealth
 - Level 4.0 Spellcasting
 - Level 9.0 Hexes


You had 11 spell levels left.
You knew the following spells:

 Your Spells              Type           Power      Damage    Failure   Level
c - Confusing Touch       Hex            40%        N/A       3%          3
e - Ensorcelled Hibernat  Hex/Ice        44%        N/A       11%         2

Your spell library contained the following spells:

 Spells                   Type           Power      Damage    Failure   Level
 Tukima's Dance           Hex            40%        N/A       3%          3
 Dazzling Flash           Conj/Hex       44%        N/A       22%         3
 Inner Flame              Hex/Fire       22%        N/A       22%         3
 Freeze                   Ice            16%        1d4       41%         1
 Necrotise                Necr           16%        1d4       41%         1
 Lesser Beckoning         Tloc           8%         N/A       56%         2
 Gell's Gravitas          Tloc           4%         N/A       80%         3
 Passwall                 Erth           4%         N/A       80%         3
 Swiftness                Air            4%         N/A       80%         3
 Teleport Other           Tloc           4%         N/A       80%         3
 Vampiric Draining        Necr           4%         2d6       80%         3
 Flame Wave               Conj/Fire      4%         2d5       99%         4
 Martyr's Knell           Necr/Summ      4%         N/A       99%         4
 Sticky Flame             Fire/Alch      4%         2d4       99%         4
 Curse of Agony           Necr           4%         N/A       100%        5


Dungeon Overview and Level Annotations

Branches:
Dungeon (7/15)             Temple (1/1) D:5

Altars:
Ashenzari
Cheibriados
Dithmenos
Fedhas
Gozag
Hepliaklqana
Kikubaaqudgha
Nemelex Xobeh
Okawaru
Qazlal
Ru
Sif Muna
Trog
Uskayaw
Vehumet
Wu Jian
Xom
Yredelemnul

Shops:
D:5 (


Innate Abilities, Weirdness & Mutations

Your natural rate of healing is accelerated.
You have razor-sharp teeth.
You have supernaturally acute eyesight. (SInv)
You are afflicted with vampirism and can become a bat while bloodless.


Message History

* * * LOW HITPOINT WARNING * * *
You are poisoned.
The killer bee poisons you!
You feel very sick. The killer bee closely misses you.
Casting: Ensorcelled Hibernation (safe; 11% risk of failure)
Confirm with . or Enter, or press ? or * to list all spells.
Aiming: Ensorcelled Hibernation (safe; 11% risk of failure)
Press: ? - help, Shift-Dir - straight line, f - killer bee
Aim: a killer bee (chance to affect: 63%)
The killer bee resists with significant effort.
You feel sick. The killer bee closely misses you. The killer bee stings you.
* * * LOW HITPOINT WARNING * * *
You fade into invisibility!
You feel sick. The killer bee closely misses you. x3
The killer bee stings you but does no damage.
You hit the killer bee but do no damage.
The killer bee is poisoned.
You feel sick. The killer bee closely misses you. The killer bee stings you.
* * * LOW HITPOINT WARNING * * *
Unknown command.
It was a potion of curing.
You feel better. The killer bee stings you.
* * * LOW HITPOINT WARNING * * *
The killer bee stings you.
* * * LOW HITPOINT WARNING * * *
The killer bee stings you but does no damage.
The killer bee misses you.
You catch the helpless killer bee completely off-guard!
You puncture the killer bee!
You kill the killer bee!
The killer bee barely misses you. x2
You barely miss the killer bee. You closely miss the killer bee.
The killer bee stings you.
* * * LOW HITPOINT WARNING * * *
The killer bee stings you.
* * * LOW HITPOINT WARNING * * *
You hit the killer bee but do no damage.
The killer bee is poisoned.
The killer bee stings you.
You die...
Your body disappears without a glow.

####)........##............#
......###....##............####
.....## ####..................#
.....# ###................#
####.# #................#
...#.##########.#####'#####...#
...#.#......# #.##............#
.###.#.####.# #...............#
#....#†# #.# #y@#............#
#.####.####.####y##########...#
#.####...##^#...y.# #####
#........##.#.....#
######...##.#.....##### #
#...##.####.#....# # #...##.#
#.#.##.# ## #...##.# #......#
.# #...##.######.####


You could see 3 killer bees.

Vanquished Creatures
  Maggie (D:7)
  A water moccasin (D:5)
  A black bear (D:7)
  2 ogres (D:5)
  3 centaurs (D:7)
  2 phantoms (D:6)
  2 bullfrogs
  A scorpion (D:5)
  3 killer bees
  3 orc priests (D:6)
  A bombardier beetle (D:5)
  3 jellies
  4 hounds
  2 orc wizards (D:6)
  A gnoll bouda (D:5)
  2 sleepcaps
  Terence (D:2)
  3 iguanas
  Robin (D:2)
  8 gnolls
  19 adders
  2 ufetubi (D:6)
  5 dart slugs
  2 ribbon worms (D:2)
  16 orcs
  7 bats
  8 endoplasms
  4 giant cockroaches
  10 goblins
  8 hobgoblins
  11 kobolds
  A quokka (D:2)
  7 ball pythons
  5 rats
150 creatures vanquished.

Vanquished Creatures (others)
  An adder (D:2)
1 creature vanquished.

Grand Total: 151 creatures vanquished

Notes
Turn   | Place    | Note
-------+----------+-------------------------------------------
     0 | D:1      | MinscAndBoo the Vampire Enchanter began the quest for the
                  | Orb.
     0 | D:1      | Reached XP level 1. HP: 13/13 MP: 3/3
   218 | D:1      | Reached XP level 2. HP: 18/19 MP: 5/5
   272 | D:1      | Reached skill level 5 in Stealth
   736 | D:1      | Learned a level 2 spell: Ensorcelled Hibernation
   778 | D:2      | Gained mutation: You are afflicted with vampirism and can
                  | become a bat while bloodless. [Vampire growth]
   778 | D:2      | Reached XP level 3. HP: 24/24 MP: 6/6
   892 | D:2      | Noticed Robin
  1036 | D:2      | Reached XP level 4. HP: 13/30 MP: 7/7
  1043 | D:2      | Killed Robin
  1062 | D:2      | HP: 1/30 [ribbon worm (6)]
  1300 | D:2      | Noticed Terence
  1306 | D:2      | Killed Terence
  1307 | D:2      | Reached XP level 5. HP: 35/35 MP: 8/8
  1800 | D:2      | Learned a level 3 spell: Confusing Touch
  2045 | D:3      | Found a faded altar of an unknown god.
  2053 | D:3      | Got Plato's Catalogue of Snow
  3148 | D:4      | Reached XP level 6. HP: 41/41 MP: 9/9
  3156 | D:4      | Reached skill level 5 in Short Blades
  3518 | D:5      | Entered Level 5 of the Dungeon
  3677 | D:5      | Found a staircase to the Ecumenical Temple.
  3713 | D:5      | Reached skill level 5 in Hexes
  3814 | Temple   | Entered the Ecumenical Temple
  3853 | Temple   | Became a worshipper of Nemelex Xobeh the Trickster
  3886 | D:5      | Noticed a water moccasin
  3891 | D:5      | Killed a water moccasin
  3892 | D:5      | Reached skill level 6 in Hexes
  3892 | D:5      | Reached XP level 7. HP: 46/46 MP: 12/12
  4000 | D:5      | Found Dyru's Weapon Emporium.
  4075 | D:5      | Found a blossoming altar of Fedhas.
  4082 | D:5      | Reached skill level 7 in Hexes
  4339 | D:5      | Found a snail-covered altar of Cheibriados.
  4402 | D:5      | Reached skill level 8 in Hexes
  4597 | D:6      | Reached * piety under Nemelex Xobeh
  4607 | D:6      | Reached skill level 9 in Hexes
  4635 | D:6      | Reached XP level 8. HP: 42/53 MP: 14/14
  4641 | D:6      | Reached skill level 1 in Fighting
  4764 | D:6      | Received a gift from Nemelex Xobeh
  5417 | D:7      | Reached skill level 5 in Dodging
  5423 | D:7      | Noticed Maggie
  5446 | D:7      | Killed Maggie
  5613 | D:7      | Reached XP level 9. HP: 63/63 MP: 15/15
  5774 | D:6      | HP: 3/63 [killer bee (2)]
  5775 | D:6      | Slain by a killer bee

Illustrated notes

Levels and vault maps discovered:
D:1:      co_arrival_square_in_a_square_in_a_square, layout_basic,
          minmay_hexomino_p4
D:2:      layout_loops_cross, basic_altar, minmay_increasing_density,
          uniq_terence, uniq_robin
D:3:      layout_basic, shapermc_ecumenical_altar_rom_forum, grunt_decor_cap
D:4:      layout_basic, nicolae_half_adder
D:5:      layout_gridville, amcnicky_altar_gilded,
          minmay_temple_entry_statues_fountains, serial_shops,
          nicolae_stop_n_shop_1, st_stairs_12, chequers_decorated_corner,
          minmay_ruined_shrine
D:6:      layout_basic, hangedman_decor_riveting, minmay_strange_pillars
D:7:      layout_cave_pools, nicolae_tricolors, uniq_maggie
Temple:   nicolae_temple_bog_church

Skill      XL: |  1  2  3  4  5  6  7  8  9 |
---------------+----------------------------+-----
Stealth        | 5 6 7 8 |  8.3
Short Blades   | 2 3 4 5 |  5.2
Hexes          | 6 9 |  9.0
Spellcasting   | 3 4 |  4.0
Fighting       | 3 |  3.0
Dodging        | 7 8 |  8.0

Action                     |  1- 3 |  4- 6 |  7- 9 || total
---------------------------+-------+-------+-------++-------
  Melee: Dagger            |   102 |   136 |       ||   238
         Bite              |    11 |    14 |    12 ||    37
         Punch             |     1 |       |     2 ||     3
         Short sword       |       |    22 |   125 ||   147
   Cast: Ensorcelled Hiber |     3 |    45 |    36 ||    84
    Use: Potion            |     2 |       |     2 ||     4
         Scroll            |       |       |     6 ||     6
   Stab: Sleeping          |     8 |    47 |    32 ||    87
         Invisible         |     4 |     2 |     1 ||     7
         Distracted        |       |     1 |       ||     1
 Armour: Robe              |    53 |    97 |    45 ||   195
         Swamp dragon scal |       |       |    86 ||    86
  Dodge: Dodged            |    69 |    94 |   119 ||   282
